 Dungeon Crawl Stone Soup version 0.29.0-13-gc9e81de378 (webtiles) character file.

Game seed: 14656179874249927423

35102 xian the Marksspriggan (level 13, -2/72 HPs)
             Began as a Spriggan Hunter on Sept 8, 2022.
             Was the Champion of Fedhas.
             Slain by a death yak (24 damage)
             ... on level 4 of the Lair of Beasts.
             The game lasted 00:46:34 (15670 turns).

xian the Marksspriggan (Spriggan Hunter)           Turns: 15670, Time: 00:46:35

Health: -2/72      AC: 10    Str: 11    XL:     13   Next: 45%
Magic:  13/15      EV: 22    Int: 20    God:    Fedhas [******]
Gold:   913        SH:  0    Dex: 19    Spells: 12/12 levels left

rFire   . . .      SeeInvis +   a - +5 shortbow (venom)
rCold   . . .      Faith    +   (shield currently unavailable)
rNeg    . . .      Spirit   .   B - +3 troll leather armour
rPois   +          Reflect  .   X - +0 hat {Int+3}
rElec   .          Harm     .   t - +2 cloak
rCorr   .          Rampage  .   (gloves unavailable)
Will    ++...                   (boots unavailable)
Stlth   +++.......              C - amulet of faith
HPRegen 1.02/turn               w - ring of poison resistance
MPRegen 0.14/turn               i - +6 ring of intelligence

@: very quick
A: very small, no large weapons, unfitting armour, see invisible, speed 3
a: Renounce Religion, Wall of Briars, Grow Ballistomycete, Overgrow, Grow Oklob


You were on level 4 of the Lair of Beasts.
You worshipped Fedhas.
Fedhas was exalted by your worship.
You visited 3 branches of the dungeon, and saw 17 of its levels.
You also visited: Ossuary and Gauntlet.

You collected 1061 gold pieces.
You spent 148 gold pieces at shops.

Inventory:

Hand Weapons
 a - a +5 shortbow of venom (weapon)
 z - a +4 quarterstaff of chaos
 W - a +0 arbalest
Missiles
 F - 3 throwing nets
Armour
 o - a +1 buckler of poison resistance
 t - a +2 cloak (worn)
 B - a +3 troll leather armour (worn)
 R - +0 pearl dragon scales
 X - a +0 hat of intelligence (worn)
Magical Staves
 M - a staff of conjuration
Jewellery
 c - a ring of wizardry
 i - a +6 ring of intelligence (right hand)
 w - a ring of poison resistance (left hand)
 C - an amulet of faith (around neck)
 J - a +6 ring of intelligence
 O - a ring of protection from cold
 P - the ring "Arhyl" {Fire Str+4 Dex+7}
   (You took it off a minotaur in a Gauntlet)

   [ring of fire]

   It enhances your fire magic.
   Str:       It affects your strength (+4).
   Dex:       It affects your dexterity (+7).
   rF:        It protects you from fire.
   rC:        It makes you vulnerable to cold.
 S - a ring of ice
 T - a ring of resist corrosion
 U - a ring of flight
Wands
 k - a wand of digging (13)
 l - a wand of acid (20)
 q - a wand of mindburst (22)
 x - a wand of iceblast (9)
 V - a wand of flame (25)
Scrolls
 b - 5 scrolls of immolation
 e - 2 scrolls of fear
 h - 4 scrolls of amnesia
 n - 2 scrolls of teleportation
 r - 3 scrolls of magic mapping
 s - a scroll of silence
 y - a scroll of summoning
 D - 3 scrolls of butterflies
 I - 2 scrolls of blinking
 N - 2 scrolls of brand weapon
 Q - a scroll of enchant weapon
Potions
 d - 2 potions of lignification {unknown}
 f - 4 potions of ambrosia
 g - 5 potions of mutation {unknown}
 j - 3 potions of might
 m - 3 potions of curing
 p - 5 potions of haste {unknown}
 u - 6 potions of flight {unknown}
 v - 3 potions of heal wounds {unknown}
 A - 2 potions of cancellation
 E - 2 potions of resistance
 H - a potion of invisibility
 K - a potion of attraction {unknown}
 L - a potion of brilliance
Miscellaneous
 G - a lightning rod (4/4)


   Skills:
 + Level 10.5 Fighting
 + Level 18.1 Ranged Weapons
 + Level 3.1 Armour
 + Level 8.2 Dodging
 + Level 5.8 Stealth
 + Level 2.4 Invocations
 + Level 0.7 Evocations


You had 12 spell levels left.
You didn't know any spells.
Your spell library contained the following spells:

 Spells                   Type           Power      Damage    Failure   Level
 Shock                    Conj/Air       0%         1d3       24%         1
 Sting                    Tmut/Pois      0%         1d3       24%         1
 Ensorcelled Hibernation  Hex/Ice        0%         N/A       36%         2
 Poisonous Vapours        Pois/Air       0%         N/A       36%         2
 Gell's Gravitas          Tloc           0%         N/A       58%         3
 Lesser Beckoning         Tloc           0%         N/A       58%         3
 Spider Form              Tmut/Pois      0%         N/A       58%         3
 Swiftness                Air            0%         N/A       58%         3
 Teleport Other           Tloc           0%         N/A       58%         3
 Airstrike                Air            0%         2d(0-16)  94%         4
 Anguish                  Hex/Necr       0%         N/A       94%         4
 Corpse Rot               Necr/Pois/Air  0%         N/A       94%         4
 Leda's Liquefaction      Hex/Erth       0%         N/A       94%         4
 Sticky Flame             Conj/Fire      0%         2d3       94%         4
 Lee's Rapid Deconstruct  Erth           0%         3d5*      100%        5
 Summon Forest            Summ/Tloc      0%         N/A       100%        5
 Summon Mana Viper        Hex/Summ       0%         N/A       100%        5
 Statue Form              Tmut/Erth      0%         N/A       100%        6
 Summon Cactus Giant      Summ           0%         N/A       100%        6
 Storm Form               Tmut/Air       0%         N/A       100%        7


Dungeon Overview and Level Annotations

Branches:
Dungeon (11/15)            Temple (1/1) D:4            Lair (5/5) D:10
 Shoals (0/4) Lair:2        Snake (0/4) Lair:2        Slime (0/5) Lair:4
    Orc (0/2) D:11        Ossuary (visited)         Gauntlet (visited)

Altars:
Ashenzari
Cheibriados
Dithmenos
Elyvilon
Fedhas
Gozag
Hepliaklqana
Kikubaaqudgha
Makhleb
Nemelex Xobeh
Okawaru
Qazlal
Ru
Sif Muna
Trog
Uskayaw
Vehumet
Wu Jian
Xom
Yredelemnul
Zin
The Shining One
Jiyva
Lugonu

Shops:
D:3 ?(   D:6 *

Annotations:
Lair:3 3 runed translucent doors, freelancePsychic's ghost, journeyman FoCj


Innate Abilities, Weirdness & Mutations

You are very small and have problems with some larger weapons.
You are too small for most types of armour.
You have supernaturally acute eyesight. (SInv)
You cover ground extremely quickly. (Speed+++)


Message History

Unknown command.
You can't go up here!
Unknown command.
A briar patch grows up from the ground. x5; The death yak gores you!
The death yak misses you.
The death yak gores you but does no damage.
You walk carefully through the plants.
The death yak gores your briar patch!!
Your briar patch is destroyed!
Your briar patch disappears in a puff of smoke!
The death yak gores you. The death yak gores your briar patch!!
The death yak gores your briar patch!
Your briar patch is destroyed!
Your briar patch disappears in a puff of smoke!
You shoot an arrow. Fedhas protects your plant from harm.
The arrow hits the death yak.
The death yak looks as sick as possible!
The death yak is moderately wounded.
You shoot an arrow. The arrow hits the death yak!
The death yak looks as sick as possible!
The death yak is heavily wounded.
You shoot an arrow.
The arrow hits the death yak but does no damage.
The death yak is heavily wounded.
You shoot an arrow.
The arrow hits the death yak but does no damage.
The death yak looks as sick as possible!
The death yak is severely wounded.
The death yak gores you but does no damage.
The death yak misses you.
You shoot an arrow. The arrow hits the death yak.
The death yak looks as sick as possible!
The death yak is severely wounded.
You shoot an arrow.
The arrow hits the death yak but does no damage.
The death yak looks as sick as possible!
The death yak is severely wounded.
The death yak gores you!! x2
You die...
Fedhas appreciates your contribution to the ecosystem.

#..#.##.### #.#.#.#.#.##
##..........#
#P.#.......###
##...........### #
#.#....>P.#...##### ##
##.....PP......#P.#####.
##...YYY.##.......#....
#.....@................
##.#.#.#.###...##......
##.###### ##..........
### #..........
#.......... #...###....
##..######.. ####P....#
##. ###........######


You could see 3 death yaks.

Vanquished Creatures
  Gastronok (Lair:3)
  A minotaur (Gauntlet)
  Snorg (D:11)
  5 hydras
  The ghost of lambentLogic the Unseen, a journeyman NaEn of Dithmenos (D:10)
  An anaconda (Lair:4)
  A tengu warrior (Gauntlet)
  A fire crab (Lair:4)
  Sonja (D:11)
  Amaemon (Lair:3)
  A wolf spider (Gauntlet)
  A manticore (Lair:2)
  An ugly thing (D:11)
  A moth of wrath (Gauntlet)
  3 black mambas
  A guardian serpent (Lair:2)
  An orange demon (Lair:3)
  2 rime drakes
  5 komodo dragons
  9 cane toads
  2 tengu conjurers (Gauntlet)
  2 polar bears (Lair:4)
  2 trolls
  A wind drake (Lair:2)
  14 blink frogs
  4 shadows (Gauntlet)
  5 wyverns
  A vampire (D:10)
  A wraith (D:10)
  33 yaks
  3 basilisks
  3 redbacks (Gauntlet)
  A steam dragon (D:6)
  9 water moccasins
  An acid dragon (D:11)
  3 ice beasts
  6 orc warriors
  4 black bears (Lair:4)
  2 ogres
  11 wolves
  A centaur (D:8)
  2 kobold brigands
  16 bullfrogs
  A necrophage (D:6)
  2 scorpions
  A water moccasin zombie (Ossuary)
  13 wights
  4 killer bees (D:10)
  4 howler monkeys
  4 electric eels
  A crimson imp (D:8)
  6 hounds
  Crazy Yiuf (D:6)
  4 orc priests
  A gnoll bouda (D:9)
  2 jellies
  7 iguanas
  17 orc wizards
  A hell rat (Lair:4)
  2 mummies (Ossuary)
  8 gnolls
  4 adders
  A shadow imp (D:5)
  3 white imps (D:8)
  An ufetubus (D:5)
  2 adder zombies (Ossuary)
  A dart slug (D:2)
  40 orcs
  2 ball pythons (D:2)
  2 bats
  6 endoplasms
  3 giant cockroaches
  2 gnoll zombies (Ossuary)
  A goblin (D:4)
  7 hobgoblins
  14 jackals
  19 kobolds
  3 quokkas
  3 frilled lizards (D:1)
  5 hobgoblin zombies (Ossuary)
  3 kobold zombies (Ossuary)
  7 orc zombies (Ossuary)
  6 rats
380 creatures vanquished.

Vanquished Creatures (collateral kills)
  A komodo dragon (Lair:4)
  6 ballistomycete spores (Lair:2)
7 creatures vanquished.

Vanquished Creatures (others)
  2 ballistomycete spores
  20 fungi
  40 plants
62 creatures vanquished.

Grand Total: 449 creatures vanquished

Notes
Turn   | Place    | Note
-------+----------+-------------------------------------------
     0 | D:1      | xian the Spriggan Hunter began the quest for the Orb.
     0 | D:1      | Reached XP level 1. HP: 10/10 MP: 2/2
   117 | D:1      | Reached XP level 2. HP: 14/14 MP: 3/3
   138 | D:1      | Found a faded altar of an unknown god.
   683 | D:2      | Reached XP level 3. HP: 12/18 MP: 4/4
   882 | D:2      | Reached skill level 5 in Ranged Weapons
  1201 | D:3      | Found Xeurch's Weapon Boutique.
  1706 | D:3      | Found Vylytu's Magic Scroll Shop.
  1714 | D:3      | Bought a scroll of identify for 20 gold pieces
  1718 | D:3      | Bought a scroll of brand weapon for 95 gold pieces
  2112 | D:4      | Found a staircase to the Ecumenical Temple.
  2128 | Temple   | Entered the Ecumenical Temple
  2206 | D:4      | Reached XP level 4. HP: 23/23 MP: 5/5
  2220 | D:4      | Noticed an ice beast
  2250 | D:4      | Killed an ice beast
  2251 | D:4      | Reached skill level 6 in Ranged Weapons
  2251 | D:4      | Reached XP level 5. HP: 13/26 MP: 6/6
  2707 | D:4      | Found an opulent altar of Gozag.
  3126 | D:5      | Entered Level 5 of the Dungeon
  3175 | D:5      | Noticed an ogre
  3178 | D:5      | Killed an ogre
  3179 | D:5      | Reached XP level 6. HP: 32/32 MP: 7/7
  3231 | D:5      | Reached skill level 7 in Ranged Weapons
  3255 | D:5      | Found a blossoming altar of Fedhas.
  3267 | D:5      | Became a worshipper of Fedhas Madash
  3387 | D:5      | Found a glowing silver altar of Zin.
  3401 | D:5      | Reached XP level 7. HP: 32/35 MP: 8/8
  3478 | D:5      | Found a shadowy altar of Dithmenos.
  3485 | D:5      | Found a basalt altar of Yredelemnul.
  3486 | D:5      | Found an ornate altar of the Wu Jian Council.
  3488 | D:5      | Found a stormy altar of Qazlal.
  3489 | D:5      | Found a glowing silver altar of Zin.
  3556 | D:5      | Reached * piety under Fedhas
  3626 | D:5      | Reached skill level 8 in Ranged Weapons
  3926 | D:6      | Noticed a steam dragon
  3961 | D:6      | Killed a steam dragon
  4326 | D:6      | Reached skill level 9 in Ranged Weapons
  4431 | D:6      | Found Viharism's Assorted Antiques.
  4439 | D:6      | Bought a scroll labelled GUMUM ATOSIGOC for 33 gold pieces
  4494 | D:6      | Reached XP level 8. HP: 42/42 MP: 9/9
  4732 | D:6      | Found a runed translucent door.
  4733 | D:6      | Noticed Crazy Yiuf
  4752 | D:6      | Killed Crazy Yiuf
  5021 | D:7      | Reached ** piety under Fedhas
  5022 | D:7      | Reached skill level 10 in Ranged Weapons
  5286 | D:7      | Found a sand-covered staircase.
  5299 | Ossuary  | Entered an ossuary
  5531 | D:7      | Found a hazy altar of Hepliaklqana.
  5533 | D:7      | Found a basalt altar of Yredelemnul.
  5533 | D:7      | Found a sacrificial altar of Ru.
  5535 | D:7      | Found a snail-covered altar of Cheibriados.
  5535 | D:7      | Found a shimmering altar of Xom.
  5535 | D:7      | Found a shimmering altar of Xom.
  5577 | D:7      | Reached XP level 9. HP: 46/46 MP: 10/10
  5756 | D:7      | Found a glowing golden altar of the Shining One.
  5779 | D:7      | Found a snail-covered altar of Cheibriados.
  5921 | D:8      | Reached skill level 11 in Ranged Weapons
  5951 | D:8      | Found a sparkling altar of Nemelex Xobeh.
  6001 | D:8      | Reached *** piety under Fedhas
  6649 | D:8      | Found an iron altar of Okawaru.
  6850 | D:8      | Found a burning altar of Makhleb.
  6934 | D:9      | Reached skill level 5 in Fighting
  7187 | D:9      | Reached skill level 12 in Ranged Weapons
  7412 | D:9      | Found a bloodstained altar of Trog.
  7480 | D:9      | Reached **** piety under Fedhas
  7998 | D:10     | Entered Level 10 of the Dungeon
  8068 | D:10     | Found a runed translucent door.
  8077 | D:10     | Noticed a troll
  8103 | D:10     | Killed a troll
  8129 | D:10     | HP: 2/43 [wight/+3 flail (3)]
  8433 | D:10     | Identified the +1 chain mail of the Ladybird {+Blink rElec
                  | rC+ Slay+3}
  8627 | D:10     | Found a staircase to the Lair.
  8628 | D:10     | Noticed a komodo dragon
  8677 | D:10     | Reached XP level 10. HP: 53/53 MP: 11/11
  8851 | D:10     | Reached skill level 5 in Dodging
  8891 | D:10     | Identified the +0 hand axe of Brawling {holy, MP-9 Dex+4}
  8908 | D:10     | Noticed lambentLogic's ghost (journeyman NaEn)
  8935 | D:10     | Reached skill level 13 in Ranged Weapons
  9318 | D:10     | Killed lambentLogic's ghost
  9535 | D:11     | Noticed Sonja
  9540 | D:11     | Killed Sonja
  9791 | D:11     | Noticed Snorg
  9808 | D:11     | Killed Snorg
  9809 | D:11     | Reached skill level 14 in Ranged Weapons
  9876 | D:11     | Reached ***** piety under Fedhas
  9886 | D:11     | Noticed a cyan ugly thing
  9908 | D:11     | Killed a cyan ugly thing
  9951 | D:11     | Noticed a six-headed hydra
  9995 | D:11     | Killed a six-headed hydra
  9996 | D:11     | Reached XP level 11. HP: 58/58 MP: 12/12
 10049 | D:11     | Reached skill level 5 in Stealth
 10422 | D:11     | Found a staircase to the Orcish Mines.
 10664 | Lair:1   | Entered Level 1 of the Lair of Beasts
 10742 | Lair:1   | Reached skill level 15 in Ranged Weapons
 11166 | Lair:1   | Reached skill level 1 in Armour
 11244 | Lair:1   | Noticed a seven-headed hydra
 11250 | Lair:1   | Killed a seven-headed hydra
 11251 | Lair:1   | Reached skill level 16 in Ranged Weapons
 11704 | Lair:2   | Found a staircase to the Shoals.
 11735 | Lair:2   | Found a staircase to the Snake Pit.
 11739 | Lair:2   | HP: 1/60 [electric eel/bolt of electricity (11)]
 11744 | Lair:2   | Found a gate leading to a gauntlet.
 11782 | Lair:2   | Reached XP level 12. HP: 21/64 MP: 7/13
 11852 | Gauntlet | Entered a Gauntlet
 11852 | Gauntlet | Found a large runed translucent door.
 11852 | Gauntlet | Found a large runed translucent door.
 11852 | Gauntlet | Found a large runed translucent door.
 11852 | Gauntlet | Found a large runed translucent door.
 11852 | Gauntlet | Found a large runed translucent door.
 11852 | Gauntlet | Found a large runed translucent door.
 11852 | Gauntlet | Found a runed translucent door.
 11852 | Gauntlet | Found a transporter.
 11852 | Gauntlet | Found a transporter.
 11852 | Gauntlet | Found a runed translucent door.
 11852 | Gauntlet | Found a large runed translucent door.
 11852 | Gauntlet | Found a large runed translucent door.
 11852 | Gauntlet | Found a large runed translucent door.
 11852 | Gauntlet | Found a large runed translucent door.
 11852 | Gauntlet | Found a large runed translucent door.
 11852 | Gauntlet | Found a large runed translucent door.
 11878 | Gauntlet | Found a transporter.
 11879 | Gauntlet | Found a large runed translucent door.
 11879 | Gauntlet | Found a large runed translucent door.
 11879 | Gauntlet | Found a large runed translucent door.
 11879 | Gauntlet | Found a large runed translucent door.
 11884 | Gauntlet | Found a runed translucent gate.
 11884 | Gauntlet | Found a runed translucent gate.
 11884 | Gauntlet | Found a runed translucent gate.
 11884 | Gauntlet | Noticed a death scarab
 11886 | Gauntlet | Found a transporter.
 11959 | Gauntlet | Found a transporter.
 11962 | Gauntlet | Noticed a tengu warrior
 11995 | Gauntlet | Found a transporter.
 12022 | Gauntlet | Identified the +0 helmet "Fuenwoage" {rCorr Str+3}
 12090 | Gauntlet | Killed a tengu warrior
 12151 | Gauntlet | Found a transporter.
 12153 | Gauntlet | Found a transporter.
 12182 | Gauntlet | Reached skill level 1 in Invocations
 12194 | Gauntlet | Found a transporter.
 12215 | Gauntlet | Found a transporter.
 12218 | Gauntlet | Identified the +2 hat of Daisies {rF++ Str+3 Slay-4}
 12224 | Gauntlet | Got the Tractate on Metamorphosis and the Coals
 12301 | Gauntlet | Identified the ring "Arhyl" {Fire Str+4 Dex+7}
 12301 | Gauntlet | Noticed a minotaur
 12324 | Gauntlet | Killed a minotaur
 12651 | Lair:2   | Reached skill level 17 in Ranged Weapons
 13163 | Lair:2   | Noticed an eight-headed hydra
 13169 | Lair:2   | Killed an eight-headed hydra
 13557 | Lair:3   | Noticed Amaemon
 13573 | Lair:3   | Killed Amaemon
 13659 | Lair:3   | Identified the +2 scale mail of Matawag {rF- rC+++ Int-3
                  | Slay+5}
 13670 | Lair:3   | Noticed Gastronok
 13683 | Lair:3   | Killed Gastronok
 13684 | Lair:3   | Reached XP level 13. HP: 72/72 MP: 15/15
 13725 | Lair:3   | Found a runed translucent gate.
 13725 | Lair:3   | Found a runed translucent gate.
 13728 | Lair:3   | Found a runed translucent gate.
 13729 | Lair:3   | Noticed freelancePsychic's ghost (journeyman FoCj)
 14148 | Lair:3   | Found a viscous altar of Jiyva.
 14503 | Lair:4   | Reached skill level 10 in Fighting
 14754 | Lair:4   | Found a viscous altar of Jiyva.
 14755 | Lair:4   | Found a staircase to the Slime Pits.
 15100 | Lair:4   | Reached ****** piety under Fedhas
 15415 | Lair:4   | Reached skill level 18 in Ranged Weapons
 15652 | Lair:5   | Entered Level 5 of the Lair of Beasts
 15670 | Lair:4   | Slain by a death yak

Illustrated notes

Levels and vault maps discovered:
D:1:      lemuel_arrival_lava_pool, layout_basic,
          shapermc_ecumenical_altar_mp_highgroup
D:2:      layout_rooms, minmay_misc_feat_pillars, minivault_27
D:3:      layout_loops_corners, serial_shops, shop, nicolae_shop_hallway_stairs
D:4:      layout_basic, nicolae_gozag_cash_rules_everything_around_me,
          minmay_temple_entry_tees
D:5:      dreamdust_elfheim, layout_basic, fedhas_altar_fruit_tree, minitemple,
          minmay_ruined_shrine
D:6:      layout_basic, serial_shops, nicolae_shop_crystal,
          uniq_crazy_yiuf_cottage
D:7:      layout_rooms, mainiacjoe_overflow_alcove_1, tso_oasis_becter,
          doesnt_xom_only_xom, nicolae_ossuary_entry_monument
D:8:      layout_basic, mainiacjoe_overflow_alcove_2,
          lemuel_coloured_pillars_altar, nemelex_diamond_rough_becter,
          nrook_uturn, minmay_fire_ice_demons
D:9:      layout_stronghold, bloody_trog
D:10:     layout_cave_pools, david_lair_shrubbed, ebering_ghost_reflecting_pool,
          evilmike_butchery
D:11:     layout_long_grid, david_orc_4, abandoned_shop, uniq_sonja, uniq_snorg
Temple:   corrupted_temple
Lair:1:   layout_regular_city, grunt_megastairs_1
Lair:2:   minmay_lair_oklob_chamber, layout_gridlike,
          minmay_shoals_entry_beasts, minmay_snake_entry_spellcaster,
          gauntlet_entry_generic
Lair:3:   layout_regular_city, gammafunk_ghost_ooze,
          chequers_serial_rivers_large_a, uniq_amaemon, uniq_gastronok
Lair:4:   layout_cave_pods, slime_entry_1, st_stairs_4,
          nicolae_lair_lakeside_cave
Lair:5:   due_jungle_book, layout_misc_corridors,
          nicolae_quartered_pool_impasse, nicolae_lair_yak_garden,
          lemuel_fruit_fields, lemuel_fruit_tree

Skill      XL: |  1  2  3  4  5  6  7  8  9 10 11 12 13 |
---------------+----------------------------------------+-----
Dodging        | 3 4 5 6 7 8 |  8.2
Ranged Weapons | 5 6 7 9 10 12 14 16 17 18 | 18.1
Fighting       | 2 3 4 5 6 8 9 10 | 10.5
Stealth        | 2 3 4 5 |  5.8
Armour         | 1 2 3 |  3.1
Invocations    | 2 |  2.4
Evocations     | |  0.7

Action                   |  1- 3 |  4- 6 |  7- 9 | 10-12 | 13-15 || total
-------------------------+-------+-------+-------+-------+-------++-------
 Fire: Shortbow          |    79 |    78 |   388 |   699 |   225 ||  1469
Invok: Wall of Briars    |       |       |       |     8 |     4 ||    12
       Grow Ballistomyce |       |       |       |     3 |       ||     3
Evoke: Wand              |       |       |       |     3 |       ||     3
       Lightning rod     |       |       |       |     1 |       ||     1
  Use: Scroll            |    10 |       |     9 |    10 |     4 ||    33
       Potion            |       |       |     1 |     3 |       ||     4
Armor: Robe              |     3 |     1 |    20 |     5 |       ||    29
       Troll leather arm |       |       |       |    51 |    22 ||    73
Dodge: Dodged            |    13 |     7 |   112 |   217 |    81 ||   430
